AoeStats
← ivcrk826

Arabia

508435037Analyzed
1v1 RM · 8d ago on Sep 22, 2026· 50m 28s· 2 players
Game mode
Random Map
Map size
Tiny (2 player)
Population
200
Speed
Normal
Resources
Standard
Victory
Conquest
Starting age
Dark Age
Ending age
Imperial Age
RankedLock teamsTeams togetherTeam positionsShared explorationLock speedFull tech treeHidden civsTurbo modeCheats
Victory
Defeat
🇩🇪 Aztecs · Germany
1130
+16
🇦🇷 Malay · Argentina
1129
-16
ivcrk826
7:00 Loom
9:24 Feudal Age
12:40 Double-Bit Axe
16:56 Fletching
24:07 Castle Age
23:30 Scale Barding Armor
23:46 Forging
25:28 Husbandry
36:34 Wheelbarrow
35:45 Town Watch
36:50 Iron Casting
43:10 Imperial Age
43:42 Blast Furnace
44:00 Conscription
44:28 Forced Levy
45:51 Hand Cart
46:30 Man-at-Arms
47:38 Long Swordsman
48:46 Two-Handed Swordsman
XRXander
6:48 Loom
9:23 Feudal Age
10:16 Man-at-Arms
13:11 Double-Bit Axe
20:24 Castle Age
19:17 Scale Mail Armor
19:39 Gold Mining
21:34 Forging
22:31 Squires
22:30 Eagle Warrior
23:39 Chain Mail Armor
23:27 Horse Collar
25:08 Arson
29:09 Wheelbarrow
33:34 Fervor
33:46 Sanctity
36:51 Imperial Age
37:00 Imperial Age
34:55 Heavy Plow
35:44 Bow Saw
36:19 Hand Cart
37:23 Elite Eagle Warrior
38:44 Plate Mail Armor
40:50 Iron Casting
44:29 Conscription
44:30 Garland Wars
47:23 Blast Furnace
46:14 Fletching
Connection lost

Rejoining the realm…

Still unreachable

The connection could not be restored.

Session expired

The server has moved on; the page needs a fresh start.